 Dungeon Crawl Stone Soup version 0.24.0-13-gcf9b319 (webtiles) character file.

Game seed: 15994543197846275615, levelgen mode: deterministic

94 Golfball the Skirmisher (level 4, -9/30 HPs)
             Began as a Gargoyle Fighter on Apr 27, 2020.
             Killed from afar by a bat (39 damage)
             ... with an exploding inner flame
             ... hexed by the player character
             ... on level 3 of the Dungeon.
             The game lasted 00:05:57 (2092 turns).

Golfball the Skirmisher (Gargoyle Fighter)          Turns: 2092, Time: 00:05:58

Health: -9/30      AC: 11    Str: 21    XL:     4   Next: 63%
Magic:  4/4        EV:  7    Int:  8    God:
Gold:   71         SH:  9    Dex:  9    Spells: 3/3 levels left

rFire    . . .     SeeInvis .   a - +0 flail
rCold    . . .     Gourm    .   c - +0 shield
rNeg     + . .     Faith    .   b - +1 scale mail
rPois    ∞         Spirit   .   (no helmet)
rElec    +         Reflect  .   (no cloak)
rCorr    .         Harm     .   (no gloves)
MR       .....                  (no boots)
Stlth    ..........             (no amulet)
HPRegen  0.10/turn              (no ring)
MPRegen  0.09/turn              (no ring)

@: no status effects
A: negative energy resistance 1, electricity resistance, unbreathing,
petrification resistance, rot immunity, AC +3
a: no special abilities


You were on level 3 of the Dungeon.
You were not hungry.

You visited 1 branch of the dungeon, and saw 3 of its levels.

You collected 71 gold pieces.

Inventory:

Hand Weapons
 a - a +0 flail (weapon)
Missiles
 e - 96 stones (quivered)
Armour
 b - a +1 scale mail (worn)
 c - a +0 shield (worn)
Scrolls
 i - 2 scrolls of identify
Potions
 d - a potion of might
 j - a potion of curing
Comestibles
 f - a chunk of flesh
 k - 2 rations


   Skills:
 + Level 4.5 Fighting
 + Level 3.7 Maces & Flails
 - Level 3.2 Armour
 + Level 0.1 Dodging
 - Level 3.2 Shields


You had 3 spell levels left.
You didn't know any spells.
Your spell library was empty.

Dungeon Overview and Level Annotations

Branches:
Dungeon (3/15)

Altars:


Innate Abilities, Weirdness & Mutations

You are resistant to torment.
Your stone body is resilient. (AC +3)
You are immune to poison.
You resist negative energy. (rN+)
You are resistant to electric shocks. (rElec)
You can survive without breathing.
You are immune to petrification.
You are immune to rotting.


Message History

There is a stone staircase leading up here.
As you read the scroll labeled COCROG ZIZES, it crumbles to dust.
It is a scroll of amnesia.
You feel forgetful for a moment.
As you read the scroll labeled ROVIUVVOZIE, it crumbles to dust.
It is a scroll of enchant armour.
Your +0 scale mail glows green for a moment.
As you read the scroll labeled MUIQIE APETS, it crumbles to dust.
The creatures around you are filled with an inner flame!
It was a scroll of immolation.
The bat hits you but does no damage.
An orc comes into view.
You block the bat's attack. The bat barely misses you.
The bat hits you but does no damage.
Some of the chunks of flesh in your inventory have rotted away.
You sock the bat!
The bat explodes!
The fiery explosion engulfs you!!!
Ouch! That really hurt!
You die...

# .# ###.###
##... ...
##.>.#.#..
#..#.....#
###...[..+
#..§@.o..#
#<#§§§...#
#.#§§§...+
#.###.###..#
#.# .# ..
#.# .. . #.#
### #.# #.#


You could see an orc.

Vanquished Creatures
  3 adders (D:2)
  An ooze (D:2)
  2 worms (D:2)
  4 dart slugs (D:1)
  A leopard gecko (D:2)
  2 giant cockroaches
  4 goblins
  3 hobgoblins (D:1)
  4 jackals (D:1)
  2 quokkas (D:2)
  2 ball pythons (D:1)
  10 bats
  3 frilled lizards
  2 kobolds
  6 rats
49 creatures vanquished.

Notes
Turn   | Place    | Note
-------+----------+-------------------------------------------
     0 | D:1      | Golfball the Gargoyle Fighter began the quest for the Orb.
     0 | D:1      | Reached XP level 1. HP: 14/14 MP: 1/1
   232 | D:1      | Reached XP level 2. HP: 19/19 MP: 2/2
   732 | D:1      | Reached XP level 3. HP: 24/24 MP: 3/3
   738 | D:1      | Reached skill level 4 in Fighting
  1584 | D:2      | Reached XP level 4. HP: 26/29 MP: 4/4
  2092 | D:3      | Killed from afar by a bat

Levels and vault maps discovered:
D:1:      dpeg_arrival_arbitrary_a, layout_loops_corners,
          hangedman_decor_growths, minmay_misc_feat_square
D:2:      layout_basic, first_ration
D:3:      layout_loops_ring, gup_sewer_entry_bowl, uniq_natasha

Skill      XL: |  1  2  3 |
---------------+----------+-----
Fighting       | 4 |  4.5
Maces & Flails | 3 |  3.7
Armour         | |  3.2
Dodging        | |  0.1
Shields        | |  3.2

Action                   |  1- 3 |  4- 6 || total
-------------------------+-------+-------++-------
Melee: Flail             |   166 |    62 ||   228
  Use: Scroll            |       |     4 ||     4
  Eat: Ration            |     1 |       ||     1
       Chunk             |       |     1 ||     1
Armor: Scale mail        |   100 |    28 ||   128
Dodge: Dodged            |    77 |    14 ||    91
Block: Shield            |    98 |    34 ||   132
